| TOP OF THE 1ST |
|---|
| Greenwood Grizzlies batting - Pitching for Anderson Rebels : RHP Michael Pettit | | Pitching: RHP Michael Pettit | | | Batting: RHB Calvin Kelly | 0-0: SINGLE (Line Drive, 89S) | | Batting: LHB Adam Hawks | 0-0: Fly out, F7 (Flyball, 7) | | Batting: LHB Ernie Whitt | 0-0: Ball 1-0: Foul Ball, location: 2F 1-1: Foul Ball, location: 2F 1-2: Ball 2-2: Foul Ball, location: 2F 2-2: SINGLE (Line Drive, 56) Calvin Kelly to second | | Batting: RHB Butch Hobson | 0-0: Called Strike 0-1: Called Strike 0-2: Ball 1-2: Ball 2-2: Foul Ball, location: 2F 2-2: Ball 3-2: Fly out, F7 (Flyball, 7D) | | Batting: RHB Jose Baez | 0-0: Called Strike 0-1: Ball 1-1: Ball 2-1: Foul Ball, location: 2F 2-2: Ball 3-2: Base on Balls Calvin Kelly to third Ernie Whitt to second | | Batting: RHB Marc Mengo | 0-0: Ball 1-0: Ball 2-0: Reached on error, E3 (Groundball, 3) Calvin Kelly scores Ernie Whitt to third Jose Baez to second | | Batting: LHB Douglas Carvalho | 0-0: Ball 1-0: Foul Ball, location: 2F 1-1: Ball 2-1: SINGLE (Groundball, 56D) Ernie Whitt scores Jose Baez to third Marc Mengo to second Runner from 3rd tries for Home, throw and OUT! | | Top of the 1st over - 2 runs, 3 hits, 1 error, 2 left on base; Greenwood 2 - Anderson 0 | | BOTTOM OF THE 1ST |
|---|
| Anderson Rebels batting - Pitching for Greenwood Grizzlies : LHP Glen Landesberg | | Pitching: LHP Glen Landesberg | | | Batting: SHB NEW Stone | 0-0: Ball 1-0: Foul Ball, location: 2F 1-1: Ground out 4-3 (Groundball, 4) | | Batting: RHB Gordon Broseker | 0-0: Ball 1-0: Ball 2-0: Swinging Strike 2-1: Ball 3-1: Base on Balls | | Batting: SHB Mark Melanson | 0-0: Ball 1-0: Ball 2-0: Called Strike 2-1: Ball 3-1: Base on Balls Gordon Broseker to second | | Batting: RHB Keith Lieppman | 0-0: Called Strike 0-1: Ball 1-1: Ball 2-1: Ball 3-1: Base on Balls Gordon Broseker to third Mark Melanson to second | | Batting: LHB Wayne Hoots | 0-0: Ball 1-0: Foul Ball, location: 2F 1-1: Ball 2-1: Swinging Strike 2-2: Grounds into fielders choice 1-2 (Groundball, 13S) Mark Melanson to third Keith Lieppman to second | | Batting: RHB Alan McDonald | 0-0: Called Strike 0-1: Ball 1-1: Foul Ball, location: 2F 1-2: Ball 2-2: Ball 3-2: Strikes out swinging | | Bottom of the 1st over - 0 runs, 0 hits, 0 errors, 3 left on base; Greenwood 2 - Anderson 0 | | TOP OF THE 2ND |
|---|
| Greenwood Grizzlies batting - Pitching for Anderson Rebels : RHP Michael Pettit | | Batting: SHB Tim Ireland | 0-0: Called Strike 0-1: Foul Ball, location: 2F 0-2: Ball 1-2: Ball 2-2: Ball 3-2: Foul Ball, location: 2F 3-2: Foul Ball, location: 2F 3-2: Foul Ball, location: 2F 3-2: Fly out, F7 (Flyball, 7LDF) | | Batting: RHB Rusty Gipson | 0-0: Called Strike 0-1: Ball 1-1: Ball 2-1: Foul Ball, location: 2F 2-2: Fly out, F5 (Popup, 56) | | Batting: RHB Calvin Kelly | 0-0: Called Strike 0-1: Foul Ball, location: 2F 0-2: Ball 1-2: Ground out 6-3 (Groundball, 6) | | Top of the 2nd over - 0 runs, 0 hits, 0 errors, 0 left on base; Greenwood 2 - Anderson 0 | | BOTTOM OF THE 2ND |
|---|
| Anderson Rebels batting - Pitching for Greenwood Grizzlies : LHP Glen Landesberg | | Batting: RHB Juan Lopez | 0-0: Ball 1-0: Called Strike 1-1: Foul Ball, location: 2F 1-2: Ground out 6-3 (Groundball, 6) | | Batting: RHB Dick Combs | 0-0: Ground out 6-3 (Groundball, 6) | | Batting: RHB Stephen Mims | 0-0: Ball 1-0: Swinging Strike 1-1: Ground out 4-3 (Groundball, 4) | | Bottom of the 2nd over - 0 runs, 0 hits, 0 errors, 0 left on base; Greenwood 2 - Anderson 0 | | TOP OF THE 3RD |
|---|
| Greenwood Grizzlies batting - Pitching for Anderson Rebels : RHP Michael Pettit | | Batting: LHB Adam Hawks | 0-0: Ball 1-0: Ground out 5-3 (Groundball, 5S) | | Batting: LHB Ernie Whitt | 0-0: Ball 1-0: Foul Ball, location: 2F 1-1: Ball 2-1: Foul Ball, location: 2F 2-2: Ground out 6-3 (Groundball, 6) | | Batting: RHB Butch Hobson | 0-0: Foul Ball, location: 2F 0-1: Foul Ball, location: 2F 0-2: Foul Ball, location: 2F 0-2: Foul Ball, location: 2F 0-2: Ball 1-2: Ball 2-2: Ball 3-2: Fly out, F9 (Flyball, 9S) | | Top of the 3rd over - 0 runs, 0 hits, 0 errors, 0 left on base; Greenwood 2 - Anderson 0 | | BOTTOM OF THE 3RD |
|---|
| Anderson Rebels batting - Pitching for Greenwood Grizzlies : LHP Glen Landesberg | | Batting: SHB NEW Stone | 0-0: Ball 1-0: Foul Ball, location: 2F 1-1: Ball 2-1: Ball 3-1: Base on Balls | | Batting: RHB Gordon Broseker | 0-0: Ball 1-0: Foul Ball, location: 2F 1-1: Ball 2-1: Swinging Strike 2-2: SINGLE (Line Drive, 89S) NEW Stone to second | | Batting: SHB Mark Melanson | 0-0: Swinging Strike 0-1: Called Strike 0-2: Foul Ball, location: 2F 0-2: Ball 1-2: Ball 2-2: Strikes out swinging | | Batting: RHB Keith Lieppman | 0-0: Called Strike 0-1: Ball 1-1: Swinging Strike 1-2: SINGLE (Line Drive, 7S) NEW Stone to third Gordon Broseker to second Runner from 3rd tries for Home, SAFE, no throw | | Batting: LHB Wayne Hoots | Balk! Gordon Broseker to third Keith Lieppman to second 0-0: Called Strike 0-1: Foul Ball, location: 2F 0-2: Strikes out looking | | Batting: RHB Alan McDonald | 0-0: Ball 1-0: Fly out, F6 (Popup, 6MD) | | Bottom of the 3rd over - 1 run, 2 hits, 0 errors, 2 left on base; Greenwood 2 - Anderson 1 | | TOP OF THE 4TH |
|---|
| Greenwood Grizzlies batting - Pitching for Anderson Rebels : RHP Michael Pettit | | Batting: RHB Jose Baez | 0-0: Called Strike 0-1: Foul Ball, location: 2F 0-2: Fly out, F8 (Flyball, 78XD) | | Batting: RHB Marc Mengo | 0-0: Ball 1-0: Ball 2-0: Swinging Strike 2-1: Fly out, F7 (Flyball, 78M) | | Batting: LHB Douglas Carvalho | 0-0: Ground out 4-3 (Groundball, 4) | | Top of the 4th over - 0 runs, 0 hits, 0 errors, 0 left on base; Greenwood 2 - Anderson 1 | | BOTTOM OF THE 4TH |
|---|
| Anderson Rebels batting - Pitching for Greenwood Grizzlies : LHP Glen Landesberg | | Batting: RHB Juan Lopez | 0-0: Called Strike 0-1: Ball 1-1: Ground out 6-3 (Groundball, 6) | | Batting: RHB Dick Combs | 0-0: Ball 1-0: Ball 2-0: Ball 3-0: Base on Balls | | Batting: RHB Stephen Mims | 0-0: Called Strike 0-1: Foul Ball, location: 2F 0-2: Ball 1-2: Ball 2-2: Ball 3-2: Base on Balls Dick Combs to second | | Batting: SHB NEW Stone | 0-0: Ball 1-0: Fly out, F4 (Line Drive, 4M) | | Batting: RHB Gordon Broseker | 0-0: Ball 1-0: Foul Ball, location: 2F 1-1: SINGLE (Flyball, 9S) Dick Combs to third Stephen Mims to second Runner from 3rd tries for Home, SAFE, no throw | | Batting: SHB Mark Melanson | 0-0: Foul Ball, location: 2F 0-1: Ball 1-1: Fly out, F4 (Popup, 4D) | | Bottom of the 4th over - 1 run, 1 hit, 0 errors, 2 left on base; Greenwood 2 - Anderson 2 | | TOP OF THE 5TH |
|---|
| Greenwood Grizzlies batting - Pitching for Anderson Rebels : RHP Michael Pettit | | Batting: SHB Tim Ireland | 0-0: Ground out 6-3 (Groundball, 6) | | Batting: RHB Rusty Gipson | 0-0: Ball 1-0: Fly out, F8 (Flyball, 78M) | | Batting: RHB Calvin Kelly | 0-0: Fly out, F7 (Flyball, 7) | | Top of the 5th over - 0 runs, 0 hits, 0 errors, 0 left on base; Greenwood 2 - Anderson 2 | | BOTTOM OF THE 5TH |
|---|
| Anderson Rebels batting - Pitching for Greenwood Grizzlies : LHP Glen Landesberg | | Batting: RHB Keith Lieppman | 0-0: Called Strike 0-1: Ball 1-1: SOLO HOME RUN (Flyball, 7D), Distance : 376 ft | | Batting: LHB Wayne Hoots | 0-0: Called Strike 0-1: Ball 1-1: Called Strike 1-2: Ball 2-2: Strikes out swinging, 2-3 out at first. | | Batting: RHB Alan McDonald | 0-0: Ball 1-0: Called Strike 1-1: Foul Ball, location: 2F 1-2: Ball 2-2: Foul Ball, location: 2F 2-2: Ball 3-2: Base on Balls | | Batting: RHB Juan Lopez | 0-0: Ground out 3-1 (Groundball, 3) Alan McDonald to second | | Batting: RHB Dick Combs | 0-0: Ball 1-0: Ball 2-0: Swinging Strike 2-1: Ball 3-1: Foul Ball, location: 2F 3-2: Base on Balls | | Batting: RHB Stephen Mims | 0-0: Called Strike 0-1: Ball 1-1: Fielders Choice at 2nd, 6-4 (Groundball, 6) | | Bottom of the 5th over - 1 run, 1 hit, 0 errors, 2 left on base; Greenwood 2 - Anderson 3 | | TOP OF THE 6TH |
|---|
| Greenwood Grizzlies batting - Pitching for Anderson Rebels : RHP Michael Pettit | | Batting: LHB Adam Hawks | 0-0: Fly out, F7 (Line Drive, 7) | | Batting: LHB Ernie Whitt | 0-0: SINGLE (Line Drive, 4M) | | Batting: RHB Butch Hobson | 0-0: Foul Ball, location: 2F 0-1: Foul Ball, location: 2F 0-2: Foul Ball, location: 2F 0-2: Reached on error, E6 (Groundball, 6) Ernie Whitt to second | | Batting: RHB Jose Baez | 0-0: Ball 1-0: Swinging Strike 1-1: Foul Ball, location: 2F 1-2: Ball 2-2: Foul Ball, location: 2F 2-2: Strikes out looking | | Pitching: LHP Charles Kuhn | | | Batting: RHB Marc Mengo | 0-0: Ball 1-0: Ball 2-0: Called Strike 2-1: SINGLE (Groundball, 6MD) Ernie Whitt to third Butch Hobson to second Runner from 3rd tries for Home, SAFE, no throw | | Batting: LHB Douglas Carvalho | 0-0: Ball 1-0: Called Strike 1-1: Fly out, F7 (Flyball, 8LS) | | Top of the 6th over - 1 run, 2 hits, 1 error, 2 left on base; Greenwood 3 - Anderson 3 | | BOTTOM OF THE 6TH |
|---|
| Anderson Rebels batting - Pitching for Greenwood Grizzlies : LHP Glen Landesberg | | Batting: SHB NEW Stone | 0-0: Called Strike 0-1: Ground out 6-3 (Groundball, 6) | | Batting: RHB Gordon Broseker | 0-0: Fly out, F8 (Line Drive, 8RM) | | Batting: SHB Mark Melanson | 0-0: Ball 1-0: Ball 2-0: Foul Ball, location: 2F 2-1: Ball 3-1: Swinging Strike 3-2: Base on Balls | | Pitching: RHP Tom Bruno | | | Batting: RHB Keith Lieppman | 0-0: Called Strike 0-1: Foul Ball, location: 2F 0-2: Foul Ball, location: 2F 0-2: Ball 1-2: Fly out, F9 (Line Drive, 89XD) | | Bottom of the 6th over - 0 runs, 0 hits, 0 errors, 1 left on base; Greenwood 3 - Anderson 3 | | TOP OF THE 7TH |
|---|
| Greenwood Grizzlies batting - Pitching for Anderson Rebels : LHP Charles Kuhn | | Batting: SHB Tim Ireland | 0-0: Ball 1-0: Ground out 4-3 (Groundball, 4) | | Batting: RHB Rusty Gipson | 0-0: Foul Ball, location: 2F 0-1: Ball 1-1: Ball 2-1: DOUBLE (Line Drive, 78D) | | Pinch Hitting: RHB Leo Foster | 0-0: Intentional Walk | | Batting: LHB Adam Hawks | 0-0: Called Strike 0-1: Foul Ball, location: 2F 0-2: Ball 1-2: Strikes out swinging | | Batting: LHB Ernie Whitt | 0-0: Ball 1-0: Ball 2-0: Ball 3-0: Base on Balls Rusty Gipson to third Leo Foster to second | | Batting: RHB Butch Hobson | 0-0: Called Strike 0-1: Called Strike 0-2: Ball Wild Pitch! Rusty Gipson scores Leo Foster to third Ernie Whitt to second 1-2: Ball 2-2: Foul Ball, location: 2F 2-2: Ball 3-2: 3-RUN HOME RUN (Line Drive, 7LD), Distance : 354 ft | | Pitching: RHP Jeff McKay | | | Batting: RHB Jose Baez | 0-0: Reached on error, E6 (Groundball, 6) | | Batting: RHB Marc Mengo | 0-0: Ball 1-0: Swinging Strike 1-1: Ball 2-1: Ball 3-1: Called Strike 3-2: Strikes out looking | | Top of the 7th over - 4 runs, 2 hits, 1 error, 1 left on base; Greenwood 7 - Anderson 3 | | BOTTOM OF THE 7TH |
|---|
| Anderson Rebels batting - Pitching for Greenwood Grizzlies : RHP Tom Bruno | | Now in LF: Jim Unknown | | | Batting: LHB Wayne Hoots | 0-0: Called Strike 0-1: Swinging Strike 0-2: Ball 1-2: Strikes out swinging | | Batting: RHB Alan McDonald | 0-0: Foul Ball, location: 2F 0-1: Swinging Strike 0-2: Strikes out swinging | | Batting: RHB Juan Lopez | 0-0: Ball 1-0: Foul Ball, location: 2F 1-1: Foul Ball, location: 2F 1-2: Ball 2-2: Foul Ball, location: 2F 2-2: Ball 3-2: Base on Balls | | Batting: RHB Dick Combs | 0-0: Swinging Strike 0-1: Hit by Pitch Juan Lopez to second | | Batting: RHB Stephen Mims | 0-0: Ball 1-0: Foul Ball, location: 2F 1-1: Ball 2-1: Ball 3-1: SINGLE (Flyball, 78M) Juan Lopez to third Dick Combs to second Runner from 3rd tries for Home, SAFE, throw made home | | Batting: SHB NEW Stone | 0-0: Foul Ball, location: 2F 0-1: Ball 1-1: Ball 2-1: Ball Wild Pitch! Dick Combs to third Stephen Mims to second 3-1: Base on Balls | | Batting: RHB Gordon Broseker | 0-0: Swinging Strike 0-1: Foul Ball, location: 2F 0-2: Ball 1-2: Strikes out swinging | | Bottom of the 7th over - 1 run, 1 hit, 0 errors, 3 left on base; Greenwood 7 - Anderson 4 | | TOP OF THE 8TH |
|---|
| Greenwood Grizzlies batting - Pitching for Anderson Rebels : RHP Jeff McKay | | Batting: LHB Douglas Carvalho | 0-0: Called Strike 0-1: Foul Ball, location: 2F 0-2: Ball 1-2: SINGLE (Line Drive, 4D) | | Batting: SHB Tim Ireland | 0-0: Called Strike 0-1: Foul Ball, location: 2F 0-2: Ball 1-2: Ball 2-2: SINGLE (Groundball, 56S) (infield hit) Douglas Carvalho to second | | Batting: RHB Rusty Gipson | 0-0: Sac Bunt - play at first, batter OUT! U3 Douglas Carvalho to third Tim Ireland to second | | Batting: LHB Jim Unknown | 0-0: Ground out 1-3 (Groundball, P) | | Batting: LHB Adam Hawks | 0-0: Foul Ball, location: 2F 0-1: Foul Ball, location: 2F 0-2: Strikes out swinging | | Top of the 8th over - 0 runs, 2 hits, 0 errors, 2 left on base; Greenwood 7 - Anderson 4 | | BOTTOM OF THE 8TH |
|---|
| Anderson Rebels batting - Pitching for Greenwood Grizzlies : RHP Tom Bruno | | Batting: SHB Mark Melanson | 0-0: Called Strike 0-1: Foul Ball, location: 2F 0-2: Fly out, F8 (Flyball, 8LM) | | Batting: RHB Keith Lieppman | 0-0: Ball 1-0: SOLO HOME RUN (Line Drive, 78XD), Distance : 410 ft | | Batting: LHB Wayne Hoots | 0-0: Called Strike 0-1: Foul Ball, location: 2F 0-2: Strikes out swinging | | Batting: RHB Alan McDonald | 0-0: Hit by Pitch | | Batting: RHB Juan Lopez | 0-0: Called Strike 0-1: Ball 1-1: Foul Ball, location: 2F 1-2: Ball 2-2: Fielders Choice at 2nd, 6-4 (Groundball, 6) | | Bottom of the 8th over - 1 run, 1 hit, 0 errors, 1 left on base; Greenwood 7 - Anderson 5 | | TOP OF THE 9TH |
|---|
| Greenwood Grizzlies batting - Pitching for Anderson Rebels : RHP Jeff McKay | | Batting: LHB Ernie Whitt | 0-0: Ball 1-0: Foul Ball, location: 2F 1-1: Fly out, F5 (Line Drive, 5S) | | Batting: RHB Butch Hobson | 0-0: Ball 1-0: Ball 2-0: Ball 3-0: Called Strike 3-1: Foul Ball, location: 2F 3-2: Ground out 6-3 (Groundball, 56) | | Batting: RHB Jose Baez | 0-0: Ball 1-0: Called Strike 1-1: Ground out 5-3 (Groundball, 56D) | | Top of the 9th over - 0 runs, 0 hits, 0 errors, 0 left on base; Greenwood 7 - Anderson 5 | | BOTTOM OF THE 9TH |
|---|
| Anderson Rebels batting - Pitching for Greenwood Grizzlies : RHP Tom Bruno | | Batting: RHB Dick Combs | 0-0: Called Strike 0-1: Foul Ball, location: 2F 0-2: Reached on error, E5 (Groundball, 56S) | | Pinch Hitting: LHB Melvin Williams | 0-0: Ball 1-0: Called Strike 1-1: Called Strike 1-2: Ball 2-2: Strikes out swinging | | Batting: SHB NEW Stone | 0-0: Ball 1-0: Ball 2-0: DOUBLE (Line Drive, 78D) Dick Combs to third | | Batting: RHB Gordon Broseker | 0-0: Foul Ball, location: 2F 0-1: Foul Ball, location: 2F 0-2: Ball 1-2: Fly out, F7 (Flyball, 7) | | Batting: SHB Mark Melanson | 0-0: Foul Ball, location: 2F 0-1: Called Strike 0-2: Hit by Pitch | | Batting: RHB Keith Lieppman | 0-0: Ball 1-0: Ball 2-0: Called Strike 2-1: Ball 3-1: Base on Balls Dick Combs scores NEW Stone to third Mark Melanson to second | | Pitching: LHP Lon Galli | | | Batting: LHB Wayne Hoots | 0-0: Ball 1-0: Swinging Strike 1-1: Ball Wild Pitch! NEW Stone scores Mark Melanson to third Keith Lieppman to second 2-1: Fly out, F9 (Line Drive, 89S) | | Bottom of the 9th over - 2 runs, 1 hit, 1 error, 2 left on base; Greenwood 7 - Anderson 7 | | TOP OF THE 10TH |
|---|
| Greenwood Grizzlies batting - Pitching for Anderson Rebels : RHP Jeff McKay | | Now at 3B: Rickey Rogers | | | Batting: RHB Marc Mengo | 0-0: Called Strike 0-1: Ball 1-1: Foul Ball, location: 2F 1-2: SINGLE (Line Drive, 7LM) | | Batting: LHB Douglas Carvalho | 0-0: Called Strike 0-1: Foul Ball, location: 2F 0-2: Ball 1-2: Ball 2-2: Ball 3-2: Base on Balls Marc Mengo to second | | Batting: SHB Tim Ireland | 0-0: TRIPLE (Line Drive, 89XD) Marc Mengo scores Douglas Carvalho scores | | Batting: RHB Rusty Gipson | 0-0: Fly out, F5 (Popup, 5S) | | Pitching: LHP William Holt | | | Batting: LHB Jim Unknown | 0-0: Foul Ball, location: 2F 0-1: Ball 1-1: Called Strike 1-2: Strikes out swinging | | Batting: LHB Adam Hawks | 0-0: Ball 1-0: Foul Ball, location: 2F 1-1: Foul Ball, location: 2F 1-2: Ball 2-2: Ball 3-2: Foul Ball, location: 2F 3-2: Foul Ball, location: 2F 3-2: SINGLE (Line Drive, 9LS) Tim Ireland scores | | Batting: LHB Ernie Whitt | 0-0: Ball 1-0: Foul Ball, location: 2F 1-1: Swinging Strike 1-2: Ball 2-2: Ball 3-2: Foul Ball, location: 2F 3-2: Ground out U3 (Groundball, 3) | | Top of the 10th over - 3 runs, 3 hits, 0 errors, 1 left on base; Greenwood 10 - Anderson 7 | | BOTTOM OF THE 10TH |
|---|
| Anderson Rebels batting - Pitching for Greenwood Grizzlies : LHP Lon Galli | | Batting: RHB Alan McDonald | 0-0: Called Strike 0-1: Ball 1-1: Ground out 5-3 (Groundball, 56S) | | Batting: RHB Juan Lopez | 0-0: Called Strike 0-1: Swinging Strike 0-2: Ball 1-2: Strikes out swinging | | Batting: RHB Dick Combs | 0-0: Ball 1-0: Called Strike 1-1: Ball 2-1: Foul Ball, location: 2F 2-2: Foul Ball, location: 2F 2-2: Ball 3-2: Base on Balls | | Batting: RHB Rickey Rogers | 0-0: Ball 1-0: Called Strike 1-1: Foul Ball, location: 2F 1-2: Ball 2-2: Strikes out looking | | Bottom of the 10th over - 0 runs, 0 hits, 0 errors, 1 left on base; Greenwood 10 - Anderson 7 | |